 Dungeon Sprint DCSS version 0.21-a0-352-g5b8f553 (webtiles) character file.

14 theanonym the Magician (level 2, 15/15 HPs)
             Began as a Deep Elf Fire Elementalist on Oct 10, 2017.
             Quit the game in the Dungeon (Sprint IX: "|||||||||||||||||||||||||||||").
             The game lasted 00:01:16 (88 turns).

theanonym the Magician (Deep Elf Fire Elementalist)   Turns: 88, Time: 00:01:16

Health: 15/15      AC:  2    Str:  5    XL:     2   Next: 31%
Magic:  7/9        EV: 14    Int: 19    God:
Gold:   0          SH:  0    Dex: 15    Spells: 8/9 levels left

rFire    . . .     SeeInvis .   (no weapon)
rCold    . . .     Gourm    .   (no shield)
rNeg     . . .     Faith    .   a - +0 robe
rPois    .         Spirit   .   (no helmet)
rElec    .         Reflect  .   (no cloak)
rCorr    .         Harm     .   (no gloves)
MR       .....     NoTele   +   (no boots)
Stlth    ++........             (no amulet)
HPRegen  0.05/turn              (no ring)
MPRegen  0.11/turn              (no ring)

@: no status effects
A: no striking features
a: no special abilities


You were in the Dungeon.
You were not hungry.

You visited 1 branch

Inventory:

Armour
 a - a +0 robe (worn)
Scrolls
 i - a scroll of blinking {!r}
Potions
 d - a potion of curing
 e - a potion of heal wounds
 f - a potion of haste
 g - 2 potions of magic
 h - a potion of berserk rage {!q}
Books
 b - a book of Flames
Comestibles
 c - a bread ration {@e1}
 j - 4 chunks of flesh {@w0}


   Skills:
 + Level 3.5 Dodging
 + Level 3.6 Stealth
 + Level 4.1 Spellcasting
 + Level 2.4 Conjurations
 + Level 4.0 Fire Magic


You had 8 spell levels left.
You knew the following spells:

 Your Spells              Type           Power        Failure   Level  Hunger
a - Flame Tongue          Conj/Fire      ###..        3%          1    None


Dungeon Overview and Level Annotations

Branches:
Dungeon (1/1)

Altars:


Message History

Welcome, theanonym the Deep Elf Fire Elementalist.
Found a staircase leading out of the dungeon.
You open the door.
A ball python, 2 rats, a giant cockroach and a goblin come into view.
You don't know that spell.
As you close the door, it creaks loudly!
You're too inexperienced to learn that spell!
Okay, then.
You can't see any susceptible monsters within range! (Use Z to cast anyway.) Unknown command.
You open the door.
Aim: a rat (resting)
The flame tongue hits the rat.
You kill the rat!
The ball python hisses angrily.
You now have 5/6 mp.
Aim: a ball python The flame tongue hits the ball python.
You kill the ball python!
You now have 4/6 mp.
Aim: a giant cockroach (clinging)
The flame tongue hits the giant cockroach.
You kill the giant cockroach!
Your Stealth skill increases to level 3!
The goblin shouts!
You now have 3/6 mp.
Aim: a rat The flame tongue hits the rat.
You kill the rat!
Your Dodging skill increases to level 3!
You now have 2/7 mp.
You can't see any susceptible monsters within range! (Use Z to cast anyway.) Unknown command.
There is an open door to the Dungeon here.
Aim: a goblin You miscast Flame Tongue.
You are very lightly contaminated with residual magic.
You are momentarily dazzled by a flash of light!
You now have 1/7 mp.
Unknown command.
Aim: a goblin The flame tongue misses the goblin.
The goblin hits you.
You take 2 damage, and have 8/10 hp.
You now have 0/7 mp.
You closely miss the goblin. The goblin barely misses you.
You barely miss the goblin. The goblin closely misses you.
You hit the goblin. The goblin completely misses you.
You barely miss the goblin. The goblin closely misses you.
You closely miss the goblin. The goblin hits you but does no damage.
You hit the goblin. The goblin closely misses you.
You closely miss the goblin. The goblin barely misses you.
Aim: a goblin (severely wounded)
The flame tongue hits the goblin.
You kill the goblin!
You now have 0/7 mp.
Things that are here:
a goblin corpse; a ball python corpse You butcher the ball python corpse.
j - 4 chunks of flesh {@w0} You see here a goblin corpse.
You see here a rat corpse.
You start resting.
Your magical contamination has completely faded away.
You start resting.
Health restored: 10; MP restored: 7 Unknown command.
You're too inexperienced to learn that spell!
You open the door.
An adder, a worm, a scorpion, an orc and a skeleton come into view.
Aim: an adder (resting)
The flame tongue hits the adder.
You kill the adder!
Your Spellcasting skill increases to level 4!
Your Conjurations skill increases to level 2!
Your Fire Magic skill increases to level 4!
You have reached level 2!
The orc shouts!
Health restored: 15 Quiver which item? (- for none, * to show all) (? for menu, Esc to quit)
Okay, then. ▓▓▓▓▓▓▓▓▓▓▓▓▓▓▓▓▓▓ ▓<...'††..@'os.wZ+ ▓▓▓▓▓▓▓▓▓▓▓▓▓▓▓▓▓▓

You could see a worm, a scorpion, an orc and a bat skeleton (wandering).

Vanquished Creatures
  An adder (D)
  A ball python (D)
  A giant cockroach (D)
  A goblin (D)
  2 rats (D)
6 creatures vanquished.

Notes
Turn   | Place    | Note
-------+----------+-------------------------------------------
     0 | D        | theanonym the Deep Elf Fire Elementalist began the quest for the Orb.
     0 | D        | Reached XP level 1. HP: 10/10 MP: 6/6
     8 | D        | Reached skill level 3 in Stealth
     9 | D        | Reached skill level 3 in Dodging
    86 | D        | Noticed a scorpion
    87 | D        | Reached skill level 4 in Spellcasting
    87 | D        | Reached skill level 2 in Conjurations
    87 | D        | Reached skill level 4 in Fire Magic
    87 | D        | Reached XP level 2. HP: 15/15 MP: 7/9
    88 | D        | Quit the game

Vault maps used:
D:        linesprint

Skill      XL: |  1 |
---------------+----+-----
Stealth        | 3 |  3.6
Dodging        | 3 |  3.5
Spellcasting   | 4 |  4.1
Conjurations   | 2 |  2.4
Fire Magic     | 4 |  4.0

Action                   || total
-------------------------++-------
Melee: Unarmed           ||     7
 Cast: Flame Tongue      ||     7
Armor: Robe              ||     1
Dodge: Dodged            ||     6

Table legend:
 A = Spawn XP
 B = Non-spawn XP
 C = Spawn XP percentage of total XP
 D = Spawn monster count
 E = Non-spawn monster count
 F = Spawn count percentage of total count
 G = Total turns spent on level
                    A         B        C        D         E        F      G
               +---------+---------+-------+---------+---------+-------+---------
         Total |       0 |      21 |   0.0 |       0 |       6 |   0.0 |    88
               +---------+---------+-------+---------+---------+-------+---------
             D |       0 |      21 |   0.0 |       0 |       6 |   0.0 |    88
               +---------+---------+-------+---------+---------+-------+---------

Vault maps used:
D:        linesprint

Table legend:
 A = Turns spent in this place as a percentage of turns spent in the entire game.
 B = Non-inter-level travel turns spent in this place as a percentage of non-inter-level travel turns spent in the entire game.
 C = Inter-level travel turns spent in this place as a percentage of turns spent in this place.
 D = Turns resting spent in this place as a percentage of non-inter-level travel turns spent in this place.
 E = Turns spent auto-exploring this place as a percentage of non-inter-level travel turns spent in this place.
 F = Non-inter-level travel turns spent in this place divided by the number of levels of this place that you've seen.
                   A       B       C       D       E      F
               +-------+-------+-------+-------+-------+----------------------
         Total | 100.0 | 100.0 |   0.0 |  65.9 |   3.4 |  88.0
       Dungeon | 100.0 | 100.0 |   0.0 |  65.9 |   3.4 |  88.0
               +-------+-------+-------+-------+-------+----------------------

Table legend:
 A = Kills in this place as a percentage of kills in entire the game.
 B = Kills by you in this place as a percentage of kills by you in the entire game.
 C = Kills by friends in this place as a percentage of kills by friends in the entire game.
 D = Other kills in this place as a percentage of other kills in the entire game.
 E = Experience gained in this place as a percentage of experience gained in the entire game.
 F = Experience gained in this place divided by the number of levels of this place that you have seen.
                   A       B       C       D       E      F
               +-------+-------+-------+-------+-------+----------------------
         Total | 100.0 | 100.0 |   N/A |   N/A | 100.0 |  21.0
       Dungeon | 100.0 | 100.0 |   N/A |   N/A | 100.0 |  21.0
               +-------+-------+-------+-------+-------+----------------------
